Map: Jagannatha LE

Players

GogojOey

  • Race: Zerg Zerg

ButAlways - Winner!

  • Race: Protoss Protoss

Event: DreamHack SC2 Masters 2021 Fall

VOD

Have the link to the VOD?

Description

Time

  • Played on: July 29, 2021, 10:03 a.m.
  • Length: 14:15

All games in this series

Show
View Real Time Build Order
Export as new Build Order

GogojOey Zerg 

Build Orders: Hatch First 

Get SALT Encoding   

  12  0:01  Drone  
  13  0:12  Overlord  
  13  0:16  Drone  
  14  0:30  Drone x2  
  16  0:36  Drone  
  17  0:55  Hatchery, Drone  
  17  0:59  Drone  
  18  1:09  Extractor  
  17  1:14  Spawning Pool  
  17  1:16  Drone  
  17  1:20  Drone  
  18  1:28  Drone  
  19  1:39  Drone  
  20  1:49  Drone  
  22  2:01  Zergling x2  
  22  2:06  Queen  
  22  2:07  Queen  
  22  2:08  Zergling x2  
  27  2:09  Metabolic Boost  
  27  2:10  Overlord  
  27  2:18  Drone  
  28  2:30  Drone  
  28  2:31  Drone  
  28  2:36  Hatchery  
  29  2:38  Drone  
  29  2:40  Drone  
  31  2:48  Queen  
  33  2:53  Overlord  
  33  2:56  Drone  
  34  3:01  Drone x2  
  36  3:13  Drone x2  
  36  3:15  Drone  
  36  3:16  Drone  
  36  3:17  Drone x4  
  44  3:26  Overlord  
  44  3:27  Overlord  
  44  3:34  Roach Warren  
  44  3:41  Spore Crawler, Drone  
  44  3:42  Drone  
  44  3:48  Drone  
  45  3:50  Queen  
  45  3:51  Drone  
  45  3:52  Spore Crawler  
  45  3:55  Drone x3  
  50  4:01  Zergling x4  
  51  4:04  Spore Crawler  
  51  4:05  Drone x2  
  51  4:06  Drone  
  53  4:15  Lair, Drone  
  53  4:17  Drone  
  55  4:22  Overlord  
  55  4:23  Drone x3  
  58  4:27  Extractor  
  58  4:28  Drone  
  58  4:29  Overlord  
  58  4:36  Overlord  
  58  4:41  Overlord  
  58  4:42  Drone  
  58  4:45  Drone x3  
  60  4:47  Drone x2  
  60  4:51  Queen  
  64  4:53  Extractor, Overlord  
  64  4:58  Drone x2  
  64  4:59  Queen  
  67  5:04  Roach  
  67  5:05  Roach x3  
  75  5:08  Drone x2  
  75  5:09  Extractor  
  75  5:10  Roach  
  75  5:14  Zergling x8  
  81  5:18  Queen  
  83  5:23  Overlord  
  83  5:24  Zergling x2  
  83  5:25  Zergling x6  
  87  5:29  Queen  
  87  5:32  Zergling x6  
  92  5:43  Zergling x2, Roach  
  92  5:44  Zergling x8, Roach  
  92  5:47  Ravager x4  
  92  5:48  Overlord  
  105  6:02  Ravager  
  104  6:04  Queen  
  104  6:06  Queen  
  104  6:08  Zergling x14, Roach  
  104  6:09  Zergling x2  
  109  6:16  Drone x2  
  109  6:18  Drone x3  
  111  6:19  Hydralisk Den  
  111  6:21  Ravager x2  
  111  6:25  Drone  
  112  6:28  Drone  
  113  6:37  Overlord x2  
  113  6:39  Evolution Chamber  
  112  6:42  Queen, Extractor  
  112  6:43  Extractor  
  112  6:50  Queen  
  112  6:51  Queen  
  112  6:58  Overlord  
  112  7:00  Hatchery  
  108  7:06  Hydralisk x8  
  121  7:10  Grooved Spines  
  121  7:12  Drone x2  
  120  7:21  Queen  
  120  7:25  Overlord x2  
  120  7:30  Overlord  
  120  7:34  Overlord  
  120  7:39  Queen  
  120  7:44  Overlord x2  
  122  7:45  Hydralisk x5  
  132  7:51  Drone x2  
  132  7:55  Zerg Missile Weapons Level 1  
  132  7:57  Hydralisk  
  132  7:58  Hydralisk x3  
  139  8:00  Drone  
  139  8:03  Drone  
  141  8:06  Spore Crawler  
  141  8:07  Hydralisk x2  
  141  8:09  Hydralisk  
  144  8:21  Hydralisk x4  
  144  8:26  Hydralisk x2  
  135  8:47  Hydralisk x6  
  135  8:56  Queen  
  135  8:57  Hydralisk x3  
  137  9:06  Hydralisk x3  
  137  9:07  Zergling x16  
  140  9:19  Hydralisk  
  140  9:20  Roach x3  
  140  9:25  Queen x2, Drone  
  140  9:30  Hydralisk x3  
  151  9:36  Queen  
  147  9:46  Hydralisk x4  
  153  9:54  Muscular Augments  
  153  9:55  Drone x2  
  153  9:58  Drone x5  
  160  10:04  Spore Crawler  
  160  10:05  Overlord, Hydralisk  
  161  10:08  Zerg Missile Weapons Level 2  
  161  10:15  Spore Crawler  
  161  10:16  Drone x3  
  161  10:17  Spore Crawler  
  161  10:18  Hydralisk  
  164  10:29  Roach, Hydralisk  
  164  10:30  Roach x4  
  173  10:44  Hatchery, Overlord  
  173  10:45  Overlord x2  
  173  10:48  Lair  
  172  10:57  Overlord x2  
  172  11:02  Queen x2  
  172  11:03  Hydralisk  
  180  11:04  Roach x2  
  180  11:09  Hydralisk  
  180  11:10  Roach x2  
  188  11:17  Ravager, Hydralisk x3  
  174  11:46  Hydralisk x10  
  178  11:49  Queen x2  
  184  11:59  Ravager  
  184  12:00  Ravager  
  186  12:06  Ravager, Hatchery  
  186  12:07  Hydralisk  
  175  12:18  Hydralisk  
  175  12:19  Roach x5  
  177  12:24  Hydralisk  
  177  12:25  Queen x2  
  183  12:31  Extractor  
  172  12:42  Hydralisk  
  172  12:43  Roach x10  
  172  12:44  Queen  
  165  12:54  Hydralisk x3  
  165  12:55  Drone  
  165  12:56  Drone  
  165  12:58  Drone x2  
  173  13:02  Drone x5  
  173  13:03  Queen x2  
  182  13:11  Hydralisk  
  182  13:12  Roach x2  
  188  13:15  Hydralisk x2  
  171  13:32  Hydralisk x6  
  173  13:35  Queen  
  173  13:38  Hydralisk x2  
  179  13:43  Hydralisk  
  179  13:44  Roach x2  
  179  13:47  Extractor  
Show
View Real Time Build Order
Export as new Build Order

ButAlways Protoss - Winner!

Build Orders: 1 Gate Expand, Oracle Opening 

Get SALT Encoding   

  12  0:00  Probe  
  13  0:12  Probe  
  14  0:20  Pylon  
  14  0:24  Probe  
  15  0:38  Gateway, Probe (Chrono Boost)  
  16  0:48  Assimilator, Probe (Chrono Boost)  
  17  0:53  Probe (Chrono Boost)  
  18  1:04  Probe  
  19  1:16  Probe  
  20  1:25  Nexus  
  20  1:35  Cybernetics Core  
  20  1:38  Probe  
  21  1:44  Assimilator  
  21  1:51  Probe  
  22  1:56  Pylon  
  22  2:04  Probe (Chrono Boost)  
  23  2:11  Stalker (Chrono Boost)  
  25  2:18  Probe (Chrono Boost)  
  26  2:23  Stargate, Probe (Chrono Boost)  
  27  2:30  Warp Gate  
  27  2:35  Probe (Chrono Boost)  
  28  2:38  Probe (Chrono Boost)  
  29  2:45  Zealot  
  29  2:47  Probe (Chrono Boost)  
  29  2:48  Probe (Chrono Boost)  
  33  2:52  Probe (Chrono Boost)  
  33  2:56  Probe  
  35  3:04  Oracle (Chrono Boost), Probe  
  36  3:08  Probe  
  40  3:16  Probe  
  40  3:19  Gateway  
  41  3:21  Probe  
  41  3:25  Pylon  
  42  3:28  Probe  
  42  3:33  Probe  
  44  3:40  Oracle (Chrono Boost), Probe  
  45  3:45  Probe  
  49  3:52  Probe  
  49  3:54  Pylon  
  50  3:57  Probe  
  51  4:05  Probe  
  51  4:09  Probe  
  53  4:11  Nexus  
  53  4:17  Probe  
  54  4:18  Pylon  
  54  4:21  Probe  
  55  4:27  Stargate  
  55  4:29  Probe  
  55  4:30  Assimilator  
  56  4:32  Assimilator  
  56  4:33  Probe  
  56  4:36  Void Ray (Chrono Boost)  
  57  4:39  Zealot  
  57  4:41  Probe  
  57  4:42  Protoss Air Weapons Level 1  
  65  4:45  Probe  
  65  4:53  Probe  
  65  4:54  Pylon  
  65  4:57  Probe  
  67  5:01  Pylon  
  67  5:04  Void Ray (Chrono Boost)  
  67  5:05  Shield Battery, Probe  
  67  5:06  Shield Battery  
  68  5:09  Probe  
  68  5:11  Void Ray (Chrono Boost)  
  73  5:17  Probe  
  78  5:22  Probe  
  78  5:23  Probe  
  78  5:27  Assimilator  
  80  5:29  Probe  
  80  5:30  Assimilator  
  80  5:31  Stargate  
  80  5:33  Forge, Void Ray (Chrono Boost)  
  80  5:34  Probe  
  80  5:35  Probe  
  83  5:37  Pylon  
  87  5:44  Probe  
  87  5:46  Probe  
  87  5:47  Probe  
  90  5:53  Void Ray (Chrono Boost)  
  90  5:56  Probe  
  95  5:58  Probe  
  95  5:59  Probe  
  95  6:00  Zealot x2  
  95  6:04  Void Ray (Chrono Boost)  
  101  6:10  Shield Battery  
  101  6:18  Shield Battery  
  105  6:20  Shield Battery  
  105  6:21  Pylon  
  105  6:23  Pylon  
  105  6:27  Void Ray (Chrono Boost)  
  105  6:31  Pylon  
  109  6:34  Void Ray (Chrono Boost)  
  113  6:40  Fleet Beacon  
  113  6:42  Void Ray  
  113  6:51  Zealot  
  119  6:57  Void Ray  
  121  7:11  Twilight Council  
  121  7:12  Void Ray  
  121  7:13  Zealot x2  
  121  7:14  Pylon  
  121  7:15  Pylon  
  121  7:16  Pylon x2  
  121  7:19  Void Ray  
  125  7:28  Nexus  
  129  7:30  Flux Vanes  
  129  7:31  Pylon  
  129  7:34  Photon Cannon, Void Ray  
  128  7:46  Charge (Chrono Boost), Probe x2  
  128  7:50  Protoss Ground Weapons Level 1 (Chrono Boost)  
  130  7:59  Gateway  
  130  8:00  Gateway  
  130  8:02  Gateway  
  130  8:05  Gateway  
  130  8:06  Templar Archives  
  130  8:07  Gateway  
  130  8:14  Gateway  
  130  8:15  Zealot  
  130  8:17  Void Ray  
  132  8:25  Zealot  
  132  8:26  Protoss Air Weapons Level 2 (Chrono Boost)  
  138  8:36  Void Ray  
  138  8:37  Void Ray, Zealot  
  128  8:47  Zealot  
  121  8:53  Probe  
  121  8:54  Void Ray, Probe x3  
  127  9:05  Zealot x6  
  127  9:06  Probe  
  127  9:08  Probe  
  138  9:12  Zealot x2  
  138  9:13  Void Ray  
  126  9:28  Zealot x6  
  138  9:37  Photon Cannon  
  138  9:38  Photon Cannon  
  138  9:50  High Templar x4  
  138  9:52  Zealot x3  
  148  9:55  Archon x2  
  148  9:58  Shield Battery  
  148  10:01  Pylon, Shield Battery  
  148  10:02  Sentry  
  148  10:04  Void Ray  
  148  10:06  Assimilator  
  150  10:08  Assimilator  
  150  10:09  Void Ray  
  154  10:16  Zealot x3  
  164  10:25  Zealot x4  
  172  10:38  Sentry  
  172  10:39  High Templar x2  
  172  10:40  Zealot  
  180  10:48  Protoss Ground Weapons Level 2 (Chrono Boost)  
  180  10:49  Robotics Facility  
  180  10:52  Pylon  
  180  10:53  Archon  
  180  10:54  Photon Cannon  
  180  10:56  Photon Cannon  
  180  10:57  Pylon  
  180  10:59  Psionic Storm  
  180  11:02  Zealot x4  
  186  11:20  Carrier  
  186  11:23  High Templar x2  
  180  11:44  Zealot x5  
  180  11:45  High Templar  
  164  11:48  Carrier (Chrono Boost)  
  164  11:54  Carrier (Chrono Boost)  
  164  11:56  Archon  
  164  11:58  Zealot x2  
  174  12:06  Shield Battery  
  174  12:08  Shield Battery  
  174  12:12  High Templar, Zealot x4  
  178  12:17  Archon, Zealot  
  170  12:25  Zealot x2  
  170  12:28  Observer, Carrier (Chrono Boost)  
  179  12:36  Sentry x4  
  165  12:38  Zealot  
  165  12:44  Void Ray  
  165  12:45  Zealot x2  
  165  12:46  Zealot  
  169  12:58  Observer (Chrono Boost)  
  174  13:03  High Templar  
  174  13:04  Zealot x3  
  182  13:15  High Templar  
  182  13:16  Zealot x3  
  176  13:31  Immortal (Chrono Boost)  
  182  13:41  High Templar  
  178  13:56  Zealot x6  

Tags
 
Add a new tag
Caveats
  • Supply blocks, unpowered buildings, or Contaminate may cause inaccurate times.
  • Supply counts are checked every 10 seconds.